 Dungeon Crawl Stone Soup version 0.32-a0-35-gd9ff480968 (webtiles) character file.

Game seed: 4898115431474642693

363 IdlyInterested the Changeling (level 6, -5/38 HPs)
             Began as an Octopode Shapeshifter on Jan 22, 2024.
             Slain by an iguana (7 damage)
             ... on level 3 of the Dungeon.
             The game lasted 00:05:53 (2255 turns).

IdlyInterested the Changeling (OpSh)                Turns: 2255, Time: 00:05:54

Health: -5/38      AC:  1    Str: 14    XL:     6   Next: 67%
Magic:  6/6        EV: 13    Int: 12    God:
Gold:   146        SH:  0    Dex: 13    Spells: 5/5 levels left

rFire   . .          .
                       - Unarmed
rCold   . . .        (no shield)
rNeg    . . .        (helmet currently unavailable)
rPois   .            (no amulet)
rElec   .            (no ring)
rCorr   .            (no ring)
SInv    .            (no ring)
Will    .....        (no ring)
Stlth   +++          (no ring)
HPRegen 0.26/turn    (no ring)
MPRegen 0.10/turn    (no ring)
                     (no ring)

%: no passive effects
@: beast-form
A: beast (slay +3), almost no armour, amphibious, 8 rings, camouflage 1,
gelatinous body 1, (nimble swimmer 1), tentacles
a: Begin Untransformation


You were on level 3 of the Dungeon.
You were a hulking beast.
You visited 1 branch of the dungeon, and saw 3 of its levels.

You collected 146 gold pieces.

Inventory:

Hand Weapons
 d - a +0 dagger
Missiles
 e - 33 stones (quivered)
 m - 2 javelins
 s - 3 boomerangs
Magical Staves
 k - a staff of air
 r - a staff of cold
Talismans
 b - a beast talisman
 c - a flux talisman
 p - a granite talisman
Scrolls
 g - a scroll of teleportation {unknown}
 h - a scroll of poison {unknown}
 i - a scroll of fog
 n - a scroll of revelation {unknown}
 q - a scroll of fear {unknown}
Potions
 a - a potion of lignification
 f - a potion of mutation {unknown}
 j - a potion of attraction {unknown}
 l - a potion of degeneration {unknown}
 o - a potion of haste


   Skills:
 - Level 1.0 Fighting
 - Level 1.0 Short Blades
 + Level 0.9 Staves
 - Level 1.0 Throwing
 - Level 2.0 Dodging
 - Level 1.0 Stealth
 + Level 4.7 Unarmed Combat
 - Level 1.0 Evocations
 * Level 5.2 Shapeshifting


You had 5 spell levels left.
You didn't know any spells.
Your spell library contained the following spells:

 Spells                   Type           Power      Damage    Failure   Level
 Freeze                   Ice            0%         1d3       32%         1
 Frozen Ramparts          Ice            0%         1d1       69%         3
 Hailstorm                Conj/Ice       0%         3d5       69%         3


Dungeon Overview and Level Annotations

Branches:
Dungeon (3/15)

Altars:
Cheibriados


Innate Abilities, Weirdness & Mutations

You are a hulking beast.
Your limbs bulge with bestial killing power. (Slay +3)
You cannot wear most types of armour.
You are amphibious.
You can wear up to eight rings at the same time.
Your skin changes colour to match your surroundings (Stealth+).
Your rubbery body absorbs attacks. (AC +1, EV +1)
((You are camouflaged when in or above water. (Stealth+)))
You have tentacles for arms and can constrict up to eight enemies at once.


Message History

You are poisoned.
The adder poisons you!
You tentacle-slap the adder.
You kill the adder!
You feel sick.
You feel sick.
e - 33 stones (gained 6)
You feel sick.
You start resting.
You feel sick.
You are no longer poisoned.
There are no items here.
HP restored.
An iguana and a bat come into view.
Found a stone staircase leading up.
The bat barely misses you. The bat hits you but does no damage.
The bat closely misses you.
A hobgoblin comes into view.
It is wielding a +3 short sword of speed and carrying a wand of mindburst.
The iguana hisses angrily.
The hobgoblin shouts!
You tentacle-slap the bat.
You kill the bat!
The hobgoblin zaps a wand.
Your mind is blasted!
The iguana bites you!
You tentacle-slap the iguana. You grab the iguana.
The iguana is moderately wounded.
You constrict the iguana, but do no damage.
The iguana bites you!
You release your grip on the iguana.
The iguana attacks as it pursues you! The iguana bites you.
The hobgoblin zaps a wand.
Your mind is blasted!
* * * LOW HITPOINT WARNING * * *
You tentacle-slap the hobgoblin. You grab the hobgoblin.
The hobgoblin is severely wounded.
You constrict the hobgoblin, but do no damage.
You tentacle-slap the hobgoblin.
You kill the hobgoblin!
The iguana closely misses you.
You tentacle-slap the iguana. Your grab misses the iguana.
Your squeeze misses the iguana.
The iguana is heavily wounded.
The iguana bites you!
You die...

. #.. #. #.# #.#
##.. .#.## ..#
..... #.# ......
. #####.###.<...#
# ........).....#
#######.lh.......
.........##.....#
######.## .####
#.# .. #.# ##
#####.# ##.....#
#...#### #.###.##


You could see an iguana.

Vanquished Creatures
  Sigmund (D:2)
  A howler monkey (D:3)
  An orc wizard (D:3)
  5 adders
  4 gnolls (D:2)
  4 dart slugs
  A ribbon worm (D:2)
  3 orcs (D:3)
  3 endoplasms
  A giant cockroach (D:1)
  8 goblins
  7 hobgoblins
  2 quokkas
  8 ball pythons
  6 bats
  3 frilled lizards (D:2)
  A kobold (D:3)
  5 rats
64 creatures vanquished.

Notes
Turn   | Place    | Note
-------+----------+-------------------------------------------
     0 | D:1      | IdlyInterested the Octopode Shapeshifter began the quest
                  | for the Orb.
     0 | D:1      | Reached XP level 1. HP: 13/13 MP: 1/1
   156 | D:1      | Reached skill level 1 in Stealth
   156 | D:1      | Reached XP level 2. HP: 14/18 MP: 2/2
   557 | D:1      | Reached XP level 3. HP: 18/23 MP: 3/3
   625 | D:1      | Found a faded altar of an unknown god.
   854 | D:2      | Found a snail-covered altar of Cheibriados.
  1024 | D:2      | Reached skill level 1 in Throwing
  1081 | D:2      | Reached XP level 4. HP: 24/28 MP: 4/4
  1085 | D:2      | Reached skill level 1 in Evocations
  1085 | D:2      | Reached skill level 4 in Shapeshifting
  1088 | D:2      | Noticed Sigmund
  1095 | D:2      | Killed Sigmund
  1096 | D:2      | Reached skill level 1 in Short Blades
  1096 | D:2      | Reached XP level 5. HP: 24/33 MP: 5/5
  1096 | D:2      | Reached XP level 6. HP: 28/38 MP: 6/6
  1225 | D:2      | Identified the +3 scale mail of the Kettle-Drum {Harm
                  | +Blink Int-4}
  1924 | D:3      | Reached skill level 5 in Shapeshifting
  2252 | D:3      | HP: 1/38 [disintegration (15)]
  2255 | D:3      | Slain by an iguana

Illustrated notes

Levels and vault maps discovered:
D:1:      dreamdust_arrival_sigmund_warning, layout_loops_ring,
          ebering_ecumenical_altar_mist, dreamdust_princess_corridor,
          minivault_25, serial_bayou_ford_a, minmay_bisected
D:2:      layout_basic, basic_altar, minmay_misc_feat_cross,
          minmay_misc_feat_ornament, uniq_sigmund
D:3:      layout_loops_ring

Skill      XL: |  1  2  3  4  5  6 |
---------------+-------------------+-----
Stealth        | 1 |  1.0
Throwing       | 1 |  1.0
Evocations     | 1 |  1.0
Shapeshifting  | 4 5 |  5.2
Short Blades   | 1 |  1.0
Unarmed Combat | 4 |  4.7
Fighting       | |  1.0
Staves         | |  0.9
Dodging        | |  2.0

Action                     |  1- 3 |  4- 6 || total
---------------------------+-------+-------++-------
  Melee: Unarmed           |    43 |    71 ||   114
         Constrict         |    13 |    21 ||    34
         Tentacles         |    13 |    14 ||    27
         Punch             |     1 |     1 ||     2
    Use: Scroll            |       |     1 ||     1
         Potion            |       |     1 ||     1
   Stab: Sleeping          |     5 |     8 ||    13
 Armour: Skin              |    15 |    33 ||    48
  Dodge: Dodged            |    30 |    37 ||    67

Table legend: (Time is in decaauts)
 A = Elapsed time spent in this place.
 B = Non-inter-level travel time spent in this place.
 C = Inter-level travel time spent in this place.
 D = Time resting spent in this place.
 E = Time spent auto-exploring this place.
 F = Levels seen in this place.
 G = Mean time per level.
                   A        B        C        D        E       F      G
               +--------+--------+--------+--------+--------+-----+--------+
         Total |   2225 |   2069 |    156 |    148 |   1421 |   3 |  741.7 |
       Dungeon |   2225 |   2069 |    156 |    148 |   1421 |   3 |  741.7 |
               +--------+--------+--------+--------+--------+-----+--------+

Top non-repeatable levels by time:
     D:2: 1033 daAuts
     D:1: 890 daAuts
     D:3: 302 daAuts
